AoeStats
← IdliDosa

Highland

506448903Analyzed
4v4 RM · 18d ago on Sep 13, 2026· 51m 13s· 8 players
Game mode
Random Map
Map size
Large (8 player)
Population
200
Speed
Normal
Resources
Standard
Victory
Conquest
Starting age
Dark Age
Ending age
Imperial Age
RankedLock teamsTeams togetherTeam positionsShared explorationLock speedFull tech treeHidden civsTurbo modeCheats
Victory
Defeat
🇹🇷 Britons · Türkiye
1251
+14
🇹🇷 Burgundians · Türkiye
1192
+16
🇹🇷 Teutons · Türkiye
1161
+17
🇹🇷 Chinese · Türkiye
1117
+20
🇦🇷 Cumans · Argentina
1225
-18
🇮🇳 Spanish · India
1215
-18
🇷🇴 Celts · Romania
1179
-16
🇧🇷 Teutons · Brazil
1152
-15
MCMLXX
2:44 Loom
11:21 Feudal Age
12:54 Double-Bit Axe
19:31 Castle Age
18:08 Gold Mining
18:41 Fishing Lines
25:12 Stone Mining
32:07 Wheelbarrow
31:46 Caravan
38:39 Imperial Age
36:05 Stronghold
37:37 Gold Shaft Mining
37:38 Ballistics
38:05 Scale Mail Armor
38:15 Forging
38:48 Fletching
40:30 Bodkin Arrow
41:59 Bow Saw
45:20 Fortified Wall
IdliDosa
8:04 Loom
9:50 Feudal Age
10:59 Double-Bit Axe
11:00 Horse Collar
16:55 Wheelbarrow
23:14 Castle Age
22:47 Fishing Lines
24:03 Forging
23:59 Scale Barding Armor
24:35 Medium Warships
25:11 Bloodlines
25:02 Husbandry
25:38 Iron Casting
27:10 Chain Barding Armor
29:43 Bow Saw
29:34 Heavy Plow
30:36 Town Watch
35:10 Hand Cart
38:29 Imperial Age
38:31 Cavalier
39:48 Plate Barding Armor
40:13 Blast Furnace
39:36 Conscription
40:31 Gold Mining
40:31 Stone Mining
43:57 Hoardings
44:30 Paladin
44:34 Light Cavalry
48:36 Fletching
50:01 Supremacy
mB_Rateasy
7:24 Loom
11:09 Feudal Age
16:27 Castle Age
15:38 Horse Collar
16:18 Double-Bit Axe
18:01 Bow Saw
24:04 Heavy Plow
24:38 Scale Barding Armor
31:42 Imperial Age
30:02 Chain Barding Armor
29:52 Forging
31:34 Forging
31:37 Bloodlines
32:01 Cavalier
34:03 Plate Barding Armor
34:56 Scale Mail Armor
36:37 Iron Casting
39:28 Paladin
41:06 Gold Mining
41:54 Scale Mail Armor
42:55 Blast Furnace
41:24 Pikeman
42:04 Squires
41:49 Gambesons
41:24 Pikeman
45:09 Caravan
44:53 Halberdier
48:15 Chain Mail Armor
49:34 Conscription
49:46 Plate Mail Armor
hualiya44
0:27 Loom
10:14 Feudal Age
11:08 Double-Bit Axe
11:05 Horse Collar
11:36 Town Watch
19:26 Wheelbarrow
23:14 Castle Age
28:57 Imperial Age
26:41 Bloodlines
27:24 Forging
27:19 Scale Barding Armor
27:37 Gold Mining
27:38 Stone Mining
27:59 Bow Saw
27:55 Heavy Plow
30:44 Cavalier
31:46 Steppe Husbandry
32:25 Conscription
32:37 Hand Cart
33:00 Gold Shaft Mining
37:02 Two-Man Saw
36:34 Crop Rotation
36:12 Light Cavalry
37:20 Chain Barding Armor
37:37 Iron Casting
38:47 Plate Barding Armor
40:32 Blast Furnace
39:03 Hussar
42:33 Fletching
42:44 Padded Archer Armor
46:31 Chemistry
45:51 Ballistics
46:32 Elite Steppe Lancer
47:51 Leather Archer Armor
47:31 Bodkin Arrow
48:02 Town Patrol
STROMA
0:31 Loom
11:03 Feudal Age
12:08 Double-Bit Axe
14:22 Wheelbarrow
18:13 Castle Age
16:20 Horse Collar
17:05 Fletching
17:37 Town Watch
18:00 Padded Archer Armor
20:43 Bow Saw
21:02 Heavy Plow
25:05 Bodkin Arrow
25:59 Leather Archer Armor
27:33 Hand Cart
28:07 Ballistics
31:47 Imperial Age
30:48 Town Patrol
32:14 Thumb Ring
32:07 Elite Chu Ko Nu
34:20 Ring Archer Armor
33:53 Bracer
35:06 Chemistry
35:43 Scale Mail Armor
35:53 Forging
41:18 Pikeman
41:58 Squires
44:01 Two-Man Saw
44:35 Halberdier
49:09 Caravan
49:11 Capped Ram
JesK
10:42 Feudal Age
11:21 Loom
12:05 Double-Bit Axe
12:36 Horse Collar
20:21 Castle Age
21:06 Man-at-Arms
21:31 Gambesons
24:34 Scale Barding Armor
24:39 Forging
27:26 Bow Saw
27:19 Heavy Plow
27:57 Iron Casting
29:14 Chain Barding Armor
29:30 Scale Mail Armor
31:05 Chain Mail Armor
31:45 Pikeman
32:25 Squires
35:18 Bloodlines
47:27 Imperial Age
49:40 Imperial Age
52:35 Imperial Age
Knight
10:06 Feudal Age
8:25 Loom
11:01 Horse Collar
11:06 Double-Bit Axe
16:42 Castle Age
18:07 Wheelbarrow
18:17 Wheelbarrow
17:29 Town Watch
19:19 Bow Saw
21:35 Heavy Plow
21:36 Fletching
22:13 Crossbowman
26:12 Padded Archer Armor
31:41 Imperial Age
29:34 Hand Cart
29:31 Bodkin Arrow
29:51 Leather Archer Armor
30:53 Leather Archer Armor
30:40 Scale Mail Armor
30:50 Forging
30:56 Pikeman
31:37 Squires
31:22 Gambesons
32:19 Ballistics
31:50 Arbalester
32:32 Bracer
34:31 Chemistry
33:43 Masonry
33:51 Gold Mining
34:07 Capped Ram
34:25 Halberdier
36:28 Ring Archer Armor
36:24 Yeomen
38:10 Conscription
39:58 Chain Mail Armor
40:18 Iron Casting
40:16 Architecture
39:42 Murder Holes
43:17 Plate Mail Armor
43:47 Blast Furnace
44:41 Caravan
48:41 Coinage
49:52 Banking
50:06 Arson
51:36 Two-Man Saw
gg easy
4:53 Double-Bit Axe
10:56 Feudal Age
15:17 Castle Age
14:14 Bow Saw
14:16 Loom
15:04 Horse Collar
17:45 Two-Man Saw
18:55 Gold Mining
27:04 Wheelbarrow
27:51 Heavy Plow
27:45 Stone Mining
28:47 Husbandry
28:09 Cavalier
28:58 Scale Barding Armor
29:03 Forging
31:31 Imperial Age
32:34 Chain Barding Armor
32:50 Iron Casting
31:37 Paladin
33:30 Hand Cart
33:02 Town Watch
33:53 Plate Barding Armor
33:35 Guilds
38:16 Gold Shaft Mining
39:45 Blast Furnace
41:51 Coinage
43:28 Banking
43:34 Burgundian Vineyards
46:26 Town Patrol
51:41 Crop Rotation
Connection lost

Rejoining the realm…

Still unreachable

The connection could not be restored.

Session expired

The server has moved on; the page needs a fresh start.